 Dungeon Crawl Stone Soup version 0.31-a0-986-g5e6e4ef867 (webtiles) character file.

Game seed: 14648669277805099066

149 javelincjr the Changeling (level 4, -8/35 HPs)
             Began as a Demigod Shapeshifter on Nov 6, 2023.
             Killed by divine providence
             ... invoked by an orc priest
              (14 damage)
             ... on level 4 of the Dungeon.
             The game lasted 00:08:07 (3100 turns).

javelincjr the Changeling (Demigod Shapeshifter)    Turns: 3100, Time: 00:08:07

Health: -8/35      AC:  2    Str: 19    XL:     4   Next: 83%
Magic:  6/6        EV: 12    Int: 17    God:
Gold:   119        SH:  0    Dex: 19    Spells: 1/3 levels left

rFire   + . .        p - +3 short sword
rCold   x . .        (no shield)
rNeg    . . .        a - +0 animal skin
rPois   .            (helmet currently unavailable)
rElec   .            (cloak currently unavailable)
rCorr   .            (gloves currently unavailable)
SInv    .            (boots currently unavailable)
Will    .....        (no amulet)
Stlth   ++           s - ring of Zuz Sait {Fire Int+5}
HPRegen 0.25/turn    q - +6 ring of dexterity
MPRegen 0.10/turn

%: no passive effects
@: beast-form
A: beast (slay +2), high MP 1, forlorn, divine attributes
a: Begin Untransformation


You were on level 4 of the Dungeon.
You were a hulking beast.
You visited 1 branch of the dungeon, and saw 4 of its levels.

You collected 119 gold pieces.

Inventory:

Hand Weapons
 h - a +0 trident
 p - a +3 short sword (weapon)
 t - a +1 dagger of protection
Missiles
 l - 4 poisoned darts
Armour
 a - a +0 animal skin (worn)
 i - a +0 pair of boots
Jewellery
 f - a ring of willpower
 n - a ring of positive energy
 q - a +6 ring of dexterity (right hand)
 s - the ring of Zuz Sait (left hand) {Fire Int+5}
   (You found it on level 3 of the Dungeon)

   [ring of fire]

   Fire:      It enhances your fire magic.
   Int+5:     It affects your intelligence (+5).
   rF+:       It protects you from fire.
   rC-:       It makes you vulnerable to cold.
 u - a ring of protection from cold
Talismans
 c - a beast talisman
 d - a flux talisman
Scrolls
 e - a scroll of poison {unknown}
 j - 4 scrolls of identify {unknown}
 k - a scroll of immolation {unknown}
 m - a scroll of teleportation {unknown}
 o - a scroll of fear {unknown}
Potions
 b - 2 potions of lignification
 g - a potion of berserk rage {unknown}
 r - a potion of degeneration {unknown}


   Skills:
 - Level 1.0 Fighting
 - Level 2.0 Dodging
 - Level 3.0 Unarmed Combat
 * Level 4.7 Shapeshifting


You had one spell level left.
You knew the following spells:

 Your Spells              Type           Power      Damage    Failure   Level
a - Blink                 Tloc           0%         N/A       34%         2

Your spell library contained the following spells:

 Spells                   Type           Power      Damage    Failure   Level
 Manifold Assault         Tloc           0%         N/A       93%         4


Dungeon Overview and Level Annotations

Branches:
Dungeon (4/15)
 Temple: D:4-7


Innate Abilities, Weirdness & Mutations

You are a hulking beast.
Your limbs bulge with bestial killing power. (Slay +2)
You have an increased reservoir of magic. (+10% MP)
You shall have no god before yourself.
Your divine heritage dramatically boosts your attributes as you level up.


Message History

You are no longer poisoned.
An orc comes into view. It is wielding a +0 dagger.
The orc shouts!
An orc comes into view. It is wielding a +0 club.
You hit the orc.
The orc is almost dead.
The orc hits you with a +0 dagger.
You hit the orc.
You kill the orc!
Things that are here:
a +0 dagger; an orc corpse An orc priest comes into view.
It is wielding a +0 mace.
The orc priest shouts!
The orc priest moves out of view.
You closely miss the orc.
An orc wizard comes into view. It is wielding a +0 dagger.
The orc hits you with a +0 club.
The orc wizard shouts!
You hit the orc.
The orc is heavily wounded.
An orc wizard comes into view. It is wielding a +0 dagger.
An orc comes into view. It is wielding a +0 flail.
The orc barely misses you.
The orc priest calls down the wrath of Beogh upon you.
Beogh smites you!
* * * LOW HITPOINT WARNING * * *
The orc shouts!
You are too injured to fight recklessly!
You enter a teleport trap!
The teleport trap disappears.
Your surroundings seem slightly different.
The orc wizard shouts!
The orc barely misses you.
The orc wizard casts a spell.
The orc wizard flickers and vanishes!
Deactivating autopickup; reactivate with Ctrl-A.
The orc hits you with a +0 club.
* * * LOW HITPOINT WARNING * * *
The orc priest invokes the aid of Beogh against you.
Beogh smites you!
You die...

## ..####+######
.####.#.........#
.......<........####
.o..o.#.##.#........
....o..h##.#.....#
.##.#..o#....)...### .
.........)...††......
.
#.##.#...#..##...#...
.. #.##.#...#......##
.. #............##.#
..#######.##.#...#..##
..
.................#..#
###
..................>.#


You could see an orc priest, an orc wizard and 2 orcs.

Vanquished Creatures
  A howler monkey (D:4)
  4 adders
  A worm (D:3)
  2 dart slugs
  2 orcs
  13 ball pythons
  7 bats
  3 endoplasms
  2 giant cockroaches
  2 goblins
  5 hobgoblins
  3 jackals (D:1)
  10 kobolds
  3 quokkas
  3 frilled lizards (D:1)
  6 rats
67 creatures vanquished.

Notes
Turn   | Place    | Note
-------+----------+-------------------------------------------
     0 | D:1      | javelincjr the Demigod Shapeshifter began the quest for the
                  | Orb.
     0 | D:1      | Reached XP level 1. HP: 15/15 MP: 3/3
    75 | D:1      | Reached skill level 1 in Fighting
   251 | D:1      | Reached XP level 2. HP: 23/23 MP: 4/4
   347 | D:1      | Reached skill level 3 in Shapeshifting
  1229 | D:2      | Reached XP level 3. HP: 28/28 MP: 5/5
  2558 | D:3      | Reached skill level 4 in Shapeshifting
  2608 | D:3      | Reached XP level 4. HP: 23/35 MP: 6/6
  2692 | D:3      | Identified the ring of Zuz Sait {Fire Int+5}
  3031 | D:3      | Learned a level 2 spell: Blink
  3045 | D:4      | Identified the "Uloum"
  3100 | D:4      | Killed from afar by an orc priest

Illustrated notes

Levels and vault maps discovered:
D:1:      zaba_arrival_water, layout_loops_corners, minmay_bisected
D:2:      layout_loops_ring, basic_altar, chequers_serial_rivers_room_b
D:3:      layout_basic, mainiacjoe_overflow_boulevard, grunt_ministairs_12,
          minmay_misc_feat_nine_boxes, minmay_shallow_snake_nest
D:4:      layout_basic, chequers_temple_overflow_statue_of_worship,
          uniq_crazy_yiuf_cottage

Skill      XL: |  1  2  3 |
---------------+----------+-----
Fighting       | 1 |  1.0
Dodging        | 2 |  2.0
Unarmed Combat | 3 |  3.0
Shapeshifting  | 3 4 |  4.7

Action                     |  1- 3 |  4- 6 || total
---------------------------+-------+-------++-------
  Melee: Unarmed           |   148 |       ||   148
         Punch             |     6 |     1 ||     7
         Short sword       |    28 |    26 ||    54
   Stab: Sleeping          |     1 |     1 ||     2
 Armour: Animal skin       |    81 |    12 ||    93
  Dodge: Dodged            |   112 |    11 ||   123

Table legend: (Time is in decaauts)
 A = Elapsed time spent in this place.
 B = Non-inter-level travel time spent in this place.
 C = Inter-level travel time spent in this place.
 D = Time resting spent in this place.
 E = Time spent auto-exploring this place.
 F = Levels seen in this place.
 G = Mean time per level.
                   A        B        C        D        E       F      G
               +--------+--------+--------+--------+--------+-----+--------+
         Total |   3095 |   2875 |    220 |      0 |   2407 |   4 |  773.8 |
       Dungeon |   3095 |   2875 |    220 |      0 |   2407 |   4 |  773.8 |
               +--------+--------+--------+--------+--------+-----+--------+

Top non-repeatable levels by time:
     D:3: 1190 daAuts
     D:1: 1138 daAuts
     D:2: 712 daAuts
     D:4: 54 daAuts
